 Dungeon Crawl Stone Soup version 0.30-a0-23-ge60ba3568b (webtiles) character file.

Game seed: 8643056875422055200

4640 ragingrage the Cleaver (level 11, -2/132 HPs)
             Began as a Meteoran Cinder Acolyte on Aug 25, 2022.
             Was a High Priest of Ignis.
             Slain by a freezing wraith (6 damage)
             ... on level 8 of the Dungeon.
             The game lasted 00:17:58 (3093 turns).

ragingrage the Cleaver (Meteoran Cinder Acolyte)    Turns: 3093, Time: 00:17:59

Health: -2/132     AC: 25    Str: 15 (17) XL:     11   Next: 1%
Magic:  0/30       EV:  2    Int: 17 (20) God:    Ignis [*****.]
Gold:   399        SH:  0    Dex:  9      Spells: 16/22 levels left

rFire   + . .      SeeInvis .    b - +6 hand axe
rCold   + + .      Faith    .    (no shield)
rNeg    . . .      Spirit   +    (body armour currently unavailable)
rPois   +          Reflect  .    (helmet currently unavailable)
rElec   +          Harm     .    (cloak currently unavailable)
rCorr   +          Rampage  .    (gloves currently unavailable)
Will    .....      NoTele   +    (boots currently unavailable)
Stlth   +.........               A - amulet of guardian spirit
HPRegen 0.32/turn                d - ring of magical power
MPRegen 0.22/turn                h - ring of ice

@: mighty, brilliant, tree-form, resistant, weak-willed, hasted, glowing, very
quick
A: stationary, stasis, torment immunity, boosted hp, sense surroundings 2,
otherworldly, glowing, explore regen
a: Renounce Religion, Fiery Armour, Foxfire Swarm, Rising Flame


You were on level 8 of the Dungeon.
You worshipped Ignis.
Ignis was extremely pleased with you.
You were a tree.
You visited 2 branches of the dungeon, and saw 10 of its levels.

You collected 399 gold pieces.

Inventory:

Hand Weapons
 a - a -1 hand axe of flaming
 b - a +6 hand axe (weapon)
 i - a +4 battleaxe
Missiles
 s - 23 poisoned darts
 y - 4 throwing nets
Armour
 B - a +0 robe of willpower
 G - +0 acid dragon scales (melded)
Magical Staves
 q - a staff of air
Jewellery
 d - a ring of magical power (left branch)
 h - a ring of ice (right branch)
 n - a ring of protection from fire
 w - a +4 ring of protection
 A - an amulet of guardian spirit (around neck)
Wands
 x - a wand of flame (17)
 F - a wand of charming (8)
Scrolls
 c - 2 scrolls of vulnerability
 l - 3 scrolls of enchant weapon {unknown}
 m - 4 scrolls of teleportation {unknown}
 p - a scroll of summoning {unknown}
 r - 4 scrolls of magic mapping {unknown}
 u - a scroll of blinking {unknown}
 v - a scroll of identify {unknown}
 D - 2 scrolls of immolation {unknown}
 E - a scroll of poison {unknown}
Potions
 g - a potion of resistance
 j - 4 potions of might
 k - 2 potions of degeneration


   Skills:
 + Level 5.5 Fighting
 * Level 13.1 Axes
 + Level 4.5 Dodging
 + Level 6.2 Spellcasting
 + Level 3.6 Conjurations
 + Level 8.5 Fire Magic


You had 16 spell levels left.
You knew the following spells:

 Your Spells              Type           Power      Damage    Failure   Level
a - Scorch                Fire           100%       2d10      1%          2
b - Sticky Flame          Conj/Fire      39%        2d6       11%         4

Your spell library contained the following spells:

 Spells                   Type           Power      Damage    Failure   Level
 Conjure Flame            Conj/Fire      39%        6-21      3%          3
 Ignite Poison            Fire/Tmut/Pois 22%        N/A       12%         3
 Ensorcelled Hibernation  Hex/Ice        22%        N/A       19%         2
 Spider Form              Tmut/Pois      7%         N/A       36%         3
 Anguish                  Hex/Necr       3%         N/A       77%         4


Dungeon Overview and Level Annotations

Branches:
Dungeon (9/15) Zot: 2317   Temple (1/1) D:6 Zot: 598    Lair (0/5) D:8
    Orc: D:9-12

Altars:
Ashenzari
Dithmenos
Elyvilon
Fedhas
Gozag
Hepliaklqana
Kikubaaqudgha
Okawaru
Qazlal
Ru
Vehumet
Xom
Yredelemnul
Zin
The Shining One

Shops:
D:7 =

Annotations:
D:1 exclusion: downstairs


Innate Abilities, Weirdness & Mutations

You are a tree.
Your roots penetrate the ground, keeping you stationary.
You cannot be teleported.
You are immune to unholy pain and torment.
Your maximum health is greatly increased.
Your equipment is partially melded.
You passively map the area around you.
You are easily found by Zot.
You glow in the dark.
You regain HP and MP as you explore.


Message History

The freezing wraith's fire resistance burns away.
The tengu warrior burns!
The tengu warrior hits you with a +0 war axe.
* * * LOW HITPOINT WARNING * * *
The tengu warrior pecks you but does no damage.
The tengu warrior claws you but does no damage.
Casting: Scorch (safe; 1% risk of failure)
Confirm with . or Enter, or press ? or * to list all spells.
You feel a surge of power!
Flames lash the tengu warrior.
The tengu warrior is almost dead.
The tengu warrior's fire resistance burns away.
The tengu warrior burns!
You kill the tengu warrior!
You feel your dexterity returning.
Your Axes skill increases to level 13!
You have reached level 11!
Casting: Scorch (safe; 1% risk of failure)
Confirm with . or Enter, or press ? or * to list all spells.
You feel a surge of power!
Flames lash the freezing wraith.
The freezing wraith is burned terribly!
The freezing wraith is moderately damaged.
The freezing wraith hits you but does no damage.
The freezing wraith hits you.
* * * LOW HITPOINT WARNING * * *
Unknown command.
Casting: Scorch (safe; 1% risk of failure)
Confirm with . or Enter, or press ? or * to list all spells.
You feel a surge of power!
Flames lash the freezing wraith but do no damage.
Unknown command.
Casting: Scorch (safe; 1% risk of failure)
Confirm with . or Enter, or press ? or * to list all spells.
You feel a surge of power!
Flames lash the freezing wraith but do no damage.
The freezing wraith hits you!
* * * LOW HITPOINT WARNING * * *
The freezing wraith freezes you! You resist.
* * * LOW HITPOINT WARNING * * *
The freezing wraith hits you.
You die...

##, * *
.#.♣♣♣.# ,~ ,
.#* *
♣♣.#♣.♣.♣#*♣♣ ~
* ## ** ,♣..
♣♣[♣♣#♣. , *
♣.♣##♣'♣##.# *
** ,
#..#..<..#.# *,
~ ,,
#.#.'..8..Q.#,
~ * *
..#..#..>..#.#
~ *,
#♣.♣.♣##♣W♣##.#
* * . ♣. ♣♣♣
#♣. * * , #. ♣♣
*♣...♣ *♣♣, *
,~ * * # ,
,#.....# *, ~ ,
* * ** *#♣...♣#
, * * * ♣♣.♣♣ *
* * ## ♣.♣ *##
** .♣ ... ♣. **
* ♣. ♣♣♣,.♣**
#. , ♣.. ..♣ *
#.##


You could see a freezing wraith (combustible).

Vanquished Creatures
  A tengu warrior (D:8)
  An ugly thing (D:8)
  A hornet (D:7)
  Sigmund (D:2)
  A vampire (D:8)
  A wyvern (D:8)
  A yak (D:8)
  2 vampire mosquitoes (D:9)
  A warg (D:8)
  A water moccasin (D:8)
  An acid dragon (D:8)
  3 sky beasts
  An ice beast (D:8)
  An ogre (D:5)
  4 necrophages
  A bullfrog (D:7)
  2 scorpions
  A gnoll sergeant (D:8)
  8 wights (D:7)
  4 howler monkeys
  3 hounds
  2 jellies
  4 orc priests
  Jessica (D:2)
  2 iguanas
  7 orc wizards
  12 gnolls
  4 adders
  A shadow imp (D:6)
  A worm (D:3)
  4 dart slugs
  19 orcs
  7 ball pythons
  4 endoplasms
  A giant cockroach (D:2)
  3 goblins
  7 hobgoblins
  3 kobolds
  A quokka (D:2)
  2 bats
  2 frilled lizards
  4 rats
131 creatures vanquished.

Vanquished Creatures (others)
  19 plants (D:8)
19 creatures vanquished.

Grand Total: 150 creatures vanquished

Notes
Turn   | Place    | Note
-------+----------+-------------------------------------------
     0 | D:1      | ragingrage the Meteoran Cinder Acolyte began the quest for
                  | the Orb.
     0 | D:1      | Reached XP level 1. HP: 19/19 MP: 3/3
    99 | D:1      | Reached XP level 2. HP: 24/26 MP: 5/5
   103 | D:1      | Reached skill level 4 in Axes
   293 | D:2      | Noticed Sigmund
   331 | D:2      | Noticed Jessica
   334 | D:2      | Reached XP level 3. HP: 31/31 MP: 6/6
   339 | D:1      | Learned a level 2 spell: Scorch
   345 | D:2      | Killed Jessica
   346 | D:2      | Reached XP level 4. HP: 19/38 MP: 8/8
   489 | D:3      | Found an iron altar of Okawaru.
   728 | D:2      | Killed Sigmund
   729 | D:2      | Reached skill level 6 in Axes
   729 | D:2      | Reached skill level 5 in Fire Magic
   729 | D:2      | Reached XP level 5. HP: 34/45 MP: 9/11
   729 | D:2      | Reached XP level 6. HP: 39/51 MP: 9/12
  1038 | D:3      | Found a sacrificial altar of Ru.
  1100 | D:4      | Reached XP level 7. HP: 45/57 MP: 13/13
  1434 | D:5      | Entered Level 5 of the Dungeon
  1434 | D:5      | Found a shimmering altar of Xom.
  1434 | D:5      | Found a hazy altar of Hepliaklqana.
  1434 | D:5      | Found a blossoming altar of Fedhas.
  1440 | D:5      | Found a basalt altar of Yredelemnul.
  1441 | D:5      | Found a stormy altar of Qazlal.
  1514 | D:5      | Reached skill level 7 in Axes
  1516 | D:5      | Found a broken altar of Ashenzari.
  1624 | D:5      | Reached XP level 8. HP: 63/63 MP: 11/15
  1665 | D:5      | Learned a level 4 spell: Sticky Flame
  1815 | D:6      | Reached skill level 8 in Axes
  2007 | D:6      | Found a staircase to the Ecumenical Temple.
  2030 | D:6      | Reached skill level 9 in Axes
  2035 | Temple   | Entered the Ecumenical Temple
  2189 | D:7      | Found Raureud's Jewellery Shop.
  2223 | D:7      | Reached skill level 10 in Axes
  2223 | D:7      | Gained mutation: You passively map the area around you.
                  | [Meteoran growth]
  2223 | D:7      | Reached XP level 9. HP: 60/70 MP: 5/16
  2278 | D:7      | Reached skill level 11 in Axes
  2416 | D:7      | Noticed a hornet
  2422 | D:7      | Killed a hornet
  2423 | D:7      | Reached skill level 1 in Dodging
  2505 | D:8      | Reached skill level 12 in Axes
  2505 | D:8      | Reached XP level 10. HP: 70/80 MP: 3/18
  2634 | D:8      | Reached skill level 5 in Spellcasting
  2638 | D:8      | Reached skill level 1 in Conjurations
  2681 | D:8      | Found a glowing silver altar of Zin.
  2681 | D:8      | Found a white marble altar of Elyvilon.
  2681 | D:8      | Found a glowing golden altar of the Shining One.
  2811 | D:8      | Found a shadowy altar of Dithmenos.
  2910 | D:8      | Found a staircase to the Lair.
  2949 | D:9      | Reached skill level 5 in Fighting
  3064 | D:8      | Noticed a white ugly thing
  3070 | D:8      | Noticed a freezing wraith
  3071 | D:8      | Noticed a tengu warrior
  3077 | D:8      | Killed a white ugly thing
  3090 | D:8      | Killed a tengu warrior
  3091 | D:8      | Reached skill level 13 in Axes
  3091 | D:8      | Reached XP level 11. HP: 17/88 MP: 4/21
  3093 | D:8      | HP: 4/132 [freezing wraith (6)]
  3093 | D:8      | Slain by a freezing wraith

Illustrated notes

Levels and vault maps discovered:
D:1:      psy_arrival_dodecagon, layout_basic,
          hellmonk_ecumenical_altar_lost_god
D:2:      layout_basic, basic_altar, st_stairs_13, uniq_jessica, uniq_sigmund
D:3:      layout_rooms, lemuel_crystal_altar, lemuel_tele_altar
D:4:      layout_basic
D:5:      layout_basic, grunt_temple_overflow_open, marbit_many_paths,
          kennysheep_generic_room_16, uniq_blork_the_orc
D:6:      layout_cave_pods, minmay_temple_entry_wispy
D:7:      layout_loops_cross, serial_shops, kennysheep_little_box,
          uniq_crazy_yiuf_cottage
D:8:      nzn_winding_woodlands_stair_cross [nzn_winding_woodlands_5x15_pockets,
          nzn_winding_woodlands_center_diamonds,
          nzn_winding_woodlands_5x15_twine,
          nzn_winding_woodlands_5x5_closed_star,
          nzn_winding_woodlands_5x5_default, nzn_winding_woodlands_5x15_cabin,
          nzn_winding_woodlands_center_triple_pond,
          nzn_winding_woodlands_5x15_zeroes], layout_loops_ring,
          dreamdust_divine_triumvirate, grunt_dithmenos_smoke,
          dpeg_oklobed_lair, columned_hall_lemuel, hellmonk_bongcloud_opening,
          serial_bayou_lagoon_a, minmay_small_thing
D:9:      layout_basic, erik_orc_4, serial_shops, shop,
          hangedman_abyss_or_decor_clamps
Temple:   compressed_dpeg_circular_temple

Skill      XL: |  1  2  3  4  5  6  7  8  9 10 |
---------------+-------------------------------+-----
Axes           | 4 6 7 10 12 13 | 13.1
Spellcasting   | 2 3 4 6 |  6.2
Fire Magic     | 4 5 6 7 8 |  8.5
Dodging        | 2 4 |  4.5
Fighting       | 4 5 |  5.5
Conjurations   | 3 |  3.6

Action                   |  1- 3 |  4- 6 |  7- 9 | 10-12 || total
-------------------------+-------+-------+-------+-------++-------
Melee: Hand axe          |    33 |    48 |    48 |    41 ||   170
       Punch             |       |     1 |       |       ||     1
Throw: Dart              |       |       |     1 |       ||     1
 Cast: Scorch            |     2 |    22 |   105 |    46 ||   175
       Sticky Flame      |       |       |       |    11 ||    11
  Use: Potion            |       |       |       |    10 ||    10
       Scroll            |       |       |       |     1 ||     1
Armor: Robe              |     8 |    17 |    18 |    19 ||    62
       Acid dragon scale |       |       |       |    11 ||    11
       Skin              |       |       |       |    11 ||    11
Dodge: Dodged            |    17 |    17 |    30 |    35 ||    99

Table legend: (Time is in decaauts)
 A = Elapsed time spent in this place.
 B = Non-inter-level travel time spent in this place.
 C = Inter-level travel time spent in this place.
 D = Time resting spent in this place.
 E = Time spent auto-exploring this place.
 F = Levels seen in this place.
 G = Mean time per level.
                   A        B        C        D        E       F      G
               +--------+--------+--------+--------+--------+-----+--------+
         Total |   3084 |   2779 |    305 |    114 |    136 |  10 |  308.4 |
       Dungeon |   3082 |   2777 |    305 |    114 |    136 |   9 |  342.4 |
        Temple |      1 |      1 |      0 |      0 |      0 |   1 |    1.0 |
               +--------+--------+--------+--------+--------+-----+--------+

Top non-repeatable levels by time:
     D:8: 496 daAuts
     D:2: 441 daAuts
     D:6: 401 daAuts
     D:4: 360 daAuts
     D:7: 359 daAuts
     D:1: 337 daAuts
     D:3: 304 daAuts
     D:5: 282 daAuts
     D:9: 98 daAuts
  Temple: 1 daAuts
